[Event "55th Biel Festival GMT Classical 2022"]
[Site "Biel"]
[Date "2022.07.20"]
[Round "5.3"]
[White "Naiditsch, Arkadij"]
[Black "Abdusattorov, Nodirbek"]
[Result "0-1"]
[ECO "B31"]
[WhiteElo "2664"]
[BlackElo "2688"]
[Annotator "TA"]
[PlyCount "60"]
[EventDate "2022.07.14"]
[EventType "tourn"]
[EventCountry "SUI"]
[SourceTitle "playchess.com"]
[Source "ChessBase"]
[SourceQuality "1"]
[TimeControl "40/6000+30:20/3000+30:900+30"]

1. e4 c5 2. Nf3 Nc6 3. Bb5 g6 4. Bxc6 bxc6 5. O-O Bg7 6. Re1 Qc7 {[%emt 0:00:26] B31: Sicilian: 2...Nc6 3 Bb5 g6.} 7. Na3 {[%emt 0:10:09] [#]} d6 $146 ({Predecessor:} 7... Nf6 8. e5 Nd5 9. c4 Nb4 10. d4 cxd4 11. Qxd4 Ba6 12. Bg5 c5 13. Qh4 Nc6 14. Nb5 {1-0 (29) Asrian,K (2634)-Kotanjian,T (2524) Yerevan 2007}) 8. Nc4 e5 {[%emt 0:07:36] The position is equal.} (8... d5 $5 9. Na3 (9. exd5 cxd5 10. Na3 Nf6 $11) 9... Nf6 $11) 9. c3 Be6 10. Qa4 Ne7 11. d4 cxd4 12. cxd4 exd4 13. Bf4 Bxc4 14. Qxc4 c5 15. Rac1 {[%emt 0:06:24] Black must now prevent e5.} O-O 16. e5 dxe5 17. Bxe5 Bxe5 18. Nxe5 Nf5 19. Qxc5 Qb7 20. Ng4 f6 {[%emt 0:03:06] Inhibits Qe5.} 21. Qa5 {[%emt 0:07:10] Rc7 is the strong threat.} Nh4 $40 {[%emt 0:02:15][%csl Gh4][%cal Rb7g2][%mdl 128] Black has some attack.} (21... Qxb2 $2 {[#]} 22. Nxf6+ $1 Rxf6 23. Qd5+ Rf7 24. Qxa8+ Kg7 25. Qd5 $18) 22. f3 {[%emt 0:02:37] Hoping for Rc7.} Qxb2 23. Nf2 Rae8 24. Red1 ({White should try} 24. Qd5+ $15 Kh8 25. Rf1) 24... Re5 25. Qc7 (25. Rc5 $17 Re2 26. Rb5) 25... Rg5 $19 {[%emt 0:02:56] Active counter play!} ({Worse is} 25... Qxa2 26. Rxd4 Rfe8 27. Re4 $11) 26. Rc2 Rxg2+ 27. Kh1 (27. Kf1 $142 Qb5+ 28. Qc4+ Qxc4+ 29. Rxc4 Rxh2 30. Rd3) 27... Qb5 {[%emt 0:02:58] Black is clearly winning.} ({Inferior is} 27... Rxf2 28. Rxb2 Rxb2 29. Qc6 $17) 28. a4 (28. Nd3 $142 Rxc2 29. Qxc2) 28... Qd5 29. Rd3 Qe5 30. Ne4 {[%emt 0:00:38] [#] Strongly threatening Qc4+.} Rxh2+ $3 {[%emt 0:00:25][%mdl 512] Weighted Error Value: White=0.61/Black=0.28 (precise)} 0-1

[Event "55th Biel Festival GMT Classical 2022"]
[Site "Biel"]
[Date "2022.07.20"]
[Round "5.4"]
[White "Esipenko, Andrey"]
[Black "Kamsky, Gata"]
[Result "1/2-1/2"]
[ECO "C95"]
[WhiteElo "2682"]
[BlackElo "2655"]
[Annotator "TA"]
[PlyCount "87"]
[EventDate "2022.07.14"]
[EventType "tourn"]
[EventCountry "SUI"]
[SourceTitle "playchess.com"]
[Source "ChessBase"]
[SourceQuality "1"]
[TimeControl "40/6000+30:20/3000+30:900+30"]

1. e4 e5 2. Nf3 Nc6 3. Bb5 a6 4. Ba4 Nf6 5. O-O Be7 6. Re1 b5 7. Bb3 d6 8. c3 O-O 9. h3 Nb8 10. d4 Nbd7 11. Nbd2 Bb7 12. Bc2 Re8 13. Nf1 Bf8 14. Ng3 g6 15. Bd2 Bg7 16. Qc1 {[%emt 0:01:54] C95: Closed Ruy Lopez: Breyer Variation with 10 d4.} d5 17. Bg5 {[%emt 0:00:40] With the idea dxe5.} dxe4 18. Bxe4 {[%emt 0:07:54] White is slightly better.} Bxe4 19. Nxe4 {[%emt 0:00:25] dxe5 is the strong threat.} exd4 {[%emt 0:00:27] [#]} 20. cxd4 Qc8 (20... Ra7 21. Ne5) 21. Nxf6+ Nxf6 {[%emt 0:00:15] [#]} 22. Qc6 $146 ({Predecessor:} 22. Rxe8+ Nxe8 23. Qc6 Nd6 24. Re1 Qb7 25. Qxb7 Nxb7 26. Rc1 Rc8 27. Rc6 Nd8 28. Rxa6 {1-0 (68) Spassky,B-Antoshin,V Sochi 1965}) 22... Qd7 {[%emt 0:04:17] [#]} 23. Rxe8+ Qxe8 24. Qxc7 Rc8 25. Qa7 {[%emt 0:14:28] White is more active.} Qe6 {[%emt 0:02:47] [#]} (25... Ra8 $16 {was worth a try.} 26. Qb6 Nd5) 26. a3 (26. Re1 $1 $18 Qxa2 27. Qb7) 26... Nd5 27. Re1 Qd6 28. Ne5 Qe6 29. Nf3 Qd6 30. Rc1 Rxc1+ 31. Bxc1 h6 32. Bd2 Qe6 33. Qb7 Kh7 34. Ne5 Bxe5 35. dxe5 $16 {[%emt 0:00:19][%mdl 4096] Endgame KQB-KQN} g5 36. Qa7 Qf5 37. Qd4 (37. f3 $16) 37... Nc7 $1 $14 38. Be3 Ne6 39. Qc3 h5 40. b4 {[%emt 0:01:06] The position is equal.} Kg6 41. Qc6 Qxe5 42. Qxa6 Qa1+ $1 43. Kh2 Qe5+ 44. Kg1 {[%emt 0:01:27] Weighted Error Value: White=0.11 (very precise) /Black=0.06 (flawless)} 1/2-1/2

[Event "55th Biel Festival GMT Classical 2022"]
[Site "Biel"]
[Date "2022.07.21"]
[Round "6.1"]
[White "Gukesh D"]
[Black "Kamsky, Gata"]
[Result "1/2-1/2"]
[ECO "D87"]
[WhiteElo "2684"]
[BlackElo "2655"]
[Annotator "TA"]
[PlyCount "80"]
[EventDate "2022.07.14"]
[EventType "tourn"]
[EventCountry "SUI"]
[SourceTitle "playchess.com"]
[Source "ChessBase"]
[SourceQuality "1"]
[TimeControl "40/6000+30:20/3000+30:900+30"]

1. d4 Nf6 2. c4 g6 3. Nc3 d5 4. cxd5 Nxd5 5. e4 Nxc3 6. bxc3 Bg7 7. Bc4 O-O 8. Ne2 c5 9. O-O Nc6 10. Be3 b6 {[%emt 0:00:46] 10...Bg4 is a critical line.} 11. Qd2 {[%emt 0:07:28] D87: Exchange Grünfeld: Classical Line: Variations without ...cxd4.} Bb7 {[%emt 0:00:26] [#]} 12. d5 $146 ({Predecessor:} 12. Rfd1 Rc8 13. Rac1 e6 14. Bb5 a6 15. Bxc6 Bxc6 16. d5 exd5 17. exd5 Ba4 18. Re1 h6 {½-½ (115) Sjugirov,S (2680)-Ivic,V (2610) Belgrade 2022}) 12... Ne5 13. Bb3 Ba6 {[%emt 0:00:14] Inhibits c4.} 14. Bg5 Qd7 15. f4 Bxe2 (15... f6 $11 16. Bh4 Nf7) 16. Qxe2 $16 c4 17. Bc2 ({Of course not} 17. Bxc4 $6 Nxc4 18. Qxc4 Rac8 $11) (17. fxe5 $16 cxb3 18. Rxf7 $1 (18. axb3 Bxe5 19. Qf3 Rac8 $11)) 17... Nd3 $14 18. Bxd3 cxd3 19. Qxd3 Rac8 20. Rac1 Rc5 21. f5 Qd6 22. Be3 Ra5 23. Rc2 Be5 (23... Ra3 $14) 24. g3 Rc8 {[%emt 0:00:22] [#]} 25. Bd4 ({White should play} 25. c4 $1 $16) 25... f6 26. fxg6 hxg6 27. Rcf2 Kg7 28. Qd1 Ra3 29. Bxe5 (29. Qg4 {with more complications.} Rc4 30. Rd1 Bxd4 31. cxd4 Raa4 32. Rfd2) 29... Qxe5 30. Qd4 Qxd4 31. cxd4 $11 {[%emt 0:00:02][%mdl 4096] Endgame KRR-KRR} Rd3 32. e5 f5 33. g4 Rxd4 34. gxf5 Rxd5 35. Re2 Rf8 36. Rg2 Rxe5 37. Rxg6+ Kf7 (37... Kh7 $5 ) 38. Rh6 Kg7 39. Rg6+ Kf7 40. Rh6 $1 Kg7 {[%emt 0:00:05] Weighted Error Value: White=0.13 (very precise) /Black=0.15 (very precise)} 1/2-1/2

[Event "55th Biel Festival GMT Classical 2022"]
[Site "Biel"]
[Date "2022.07.21"]
[Round "6.2"]
[White "Abdusattorov, Nodirbek"]
[Black "Esipenko, Andrey"]
[Result "0-1"]
[ECO "C54"]
[WhiteElo "2688"]
[BlackElo "2682"]
[Annotator "TA"]
[PlyCount "121"]
[EventDate "2022.07.14"]
[EventType "tourn"]
[EventCountry "SUI"]
[SourceTitle "playchess.com"]
[Source "ChessBase"]
[SourceQuality "1"]
[TimeControl "40/6000+30:20/3000+30:900+30"]

1. e4 e5 2. Nf3 Nc6 3. Bc4 Nf6 4. d3 Bc5 5. O-O h6 6. c3 d6 7. b4 Bb6 8. a4 {[%emt 0:00:06] a5 is the strong threat.} a5 $1 {[%emt 0:00:13] 8...a5 scores better than 8...a6. C54: Giuoco Piano: 4 c3 Nf6, main lines with 5 d4 and 5 d3.} 9. b5 Ne7 10. Be3 Bxe3 {[%emt 0:02:25] The position is equal.} 11. fxe3 O-O 12. Nbd2 Ng6 {[%emt 0:06:24] [#]} 13. d4 $146 ({Predecessor:} 13. Qe1 c6 14. Nh4 d5 15. exd5 cxd5 16. Bb3 Nxh4 17. Qxh4 Be6 18. d4 Rc8 19. Rac1 {0-1 (56) Adhiban,B (2660)-So,W (2772) chess24.com INT 2021}) 13... c6 14. Rb1 d5 15. Bd3 (15. dxe5 Ng4 16. exd5 cxd5 $17) 15... dxe4 (15... Re8 {looks sharper.} 16. Re1 exd4 17. exd4 Nf4) 16. Bxe4 Nxe4 17. Nxe4 exd4 18. exd4 (18. Nxd4 Qe7 19. Nf2 c5 $17) ({White should try} 18. Qxd4 $11 Qe7 19. Nd6) 18... cxb5 $1 $15 19. Rxb5 Bd7 20. Rb2 (20. Rxb7 $2 Bc6 21. Qb1 Bxb7 22. Qxb7 Qe8 $19) 20... Bc6 21. Qb1 Re8 22. Nc5 Re3 23. Qc1 Qe7 {[%emt 0:00:55] Hoping for ...Re8.} 24. Re1 Rxe1+ 25. Qxe1 Qd6 26. Qg3 (26. Nh4 $142) 26... Qd5 $17 27. Ne5 Nxe5 28. Qxe5 Qc4 29. Qg3 Re8 30. h4 b6 $1 31. Rxb6 {[%emt 0:03:49] [#]} Bxg2 32. Qd3 {[%emt 0:00:21] Against Qf1+} (32. Qxg2 $2 Re1+ 33. Kh2 Re2 $19) (32. Kxg2 $2 Qe2+ 33. Qf2 Qg4+ 34. Kf1 Qh3+ 35. Kg1 Re3 $19) 32... Qd5 {[%emt 0:10:05] White must now prevent ...Re1+.} 33. Qg3 {[%emt 0:01:03][%csl LRg2,LRh6] Prevents Re1+.} Qc4 $40 {[%emt 0:04:55][%mdl 128] Black attacks.} 34. Qd3 {[%emt 0:00:07] Prevents Qf1+.} ({Don't go for} 34. Qxg2 $2 Re1+ 35. Kh2 Re2 $19) (34. Kxg2 $2 Qe2+ 35. Qf2 Qg4+ 36. Kf1 Qd1+ 37. Kg2 Re2 38. Rb8+ Kh7 $19) 34... Qa2 {[%emt 0:06:54][%cal Og2h1] White is now going downhill.} 35. Qb1 Qd2 {[%emt 0:00:21] ( -> ...Bf3)} 36. Rb8 {[%emt 0:00:15][%cal Rb8e8] [#]} Bc6 {[%emt 0:00:37][%csl Gc6][%cal Rd2g2] Dancing on a razor blade.} ({Don't play} 36... Rxb8 $6 37. Qxb8+ Kh7 38. Qh2 $11) 37. Rxe8+ Bxe8 {[%emt 0:00:04][%mdl 4096] Endgame KQB-KQN} 38. Qe4 {[%emt 0:01:36] Inhibits Qe3+.} Kf8 39. Qe5 Qxc3 40. Kf2 Qb2+ 41. Ke3 Qb6 {[%emt 0:02:58] Against Qd6+} 42. Kd3 Qd8 43. Qf4 {[%emt 0:00:00] Strongly threatening Ne6+.} Kg8 44. Qe4 Qb8 45. d5 Qb1+ 46. Kd4 Qa1+ 47. Kd3 Qd1+ 48. Kc3 Kf8 49. Qd4 Qxd4+ 50. Kxd4 $19 {[%emt 0:00:00] KB-KN} Ke7 51. Ke5 $2 (51. Nb7) 51... f6+ 52. Kd4 (52. Ke4 $142) 52... h5 53. Nb7 g5 54. hxg5 fxg5 55. Nxa5 Bxa4 56. Nb7 h4 {[%emt 0:02:04] Black mates.} 57. Nc5 Bc2 58. Ke5 h3 59. d6+ Kf7 60. Ne6 h2 61. Kd4 {[%emt 0:02:22] Weighted Error Value: White=0.45/Black=0.06 (flawless)} 0-1

[Event "55th Biel Festival GMT Classical 2022"]
[Site "Biel"]
[Date "2022.07.21"]
[Round "6.3"]
[White "Le, Quang Liem"]
[Black "Naiditsch, Arkadij"]
[Result "1-0"]
[ECO "A21"]
[WhiteElo "2722"]
[BlackElo "2664"]
[Annotator "TA"]
[PlyCount "77"]
[EventDate "2022.07.14"]
[EventType "tourn"]
[EventCountry "SUI"]
[SourceTitle "playchess.com"]
[Source "ChessBase"]
[SourceQuality "1"]
[TimeControl "40/6000+30:20/3000+30:900+30"]

1. c4 e5 2. Nc3 d6 3. d4 exd4 4. Qxd4 Nc6 5. Qd2 Nf6 6. Nf3 {[%emt 0:02:02] A21: English Opening: 1...e5 2 Nc3.} a5 {[%emt 0:03:22] Recently 6...Be6 got a lot of attention.} 7. e3 g6 8. b3 {[%emt 0:00:43] [#] The position is equal.} a4 $146 ({Predecessor:} 8... Bg7 9. Bb2 O-O 10. Be2 Bf5 11. O-O Ne4 12. Nxe4 Bxe4 13. Bxg7 Kxg7 14. Qc3+ Qf6 15. Qxf6+ Kxf6 {0-1 (61) Nasshan,D (2314)-Kjartansson,G (2470) Helsingor 2019}) 9. Nxa4 d5 {[%emt 0:01:28] Strongly threatening ...Bb4.} 10. c5 ({Wrong is} 10. Bb2 $2 Bb4 11. Nc3 (11. Bc3 $2 Ne4 $19) 11... Ne4 $19) 10... Ne4 11. Qb2 Rg8 (11... f6 $1 $11) 12. Bb5 $16 Bd7 13. O-O Bg7 14. Nd4 Qh4 15. Bxc6 Bxc6 {[%emt 0:04:23] [#]} 16. f3 (16. Qc2 $1 $16) 16... Ng5 $1 $14 17. Qe2 Ne6 18. Bb2 Nxd4 19. Bxd4 Bxd4 20. exd4+ Kd8 21. Qd1 Bxa4 22. bxa4 Re8 23. Rb1 Kc8 24. Kh1 {[%emt 0:01:18] Qb3 is the strong threat.} c6 ({Black should play} 24... Ra7 $14) 25. Qb3 $16 Re7 26. Qb4 Kd8 27. g3 Qf6 {[%emt 0:00:15] [#]} 28. Rbe1 $1 Kc8 29. Kg2 Ra6 30. a5 Kb8 31. Rb1 h5 (31... Re2+ $1 $14 32. Rf2 Rxf2+ 33. Kxf2 Qe7) 32. Qd2 h4 33. g4 g5 34. Rb6 Qe6 $2 {[%emt 0:00:17] This costs Black the game.} (34... Ra7 $16 35. Rf2 Qg7) 35. Qxg5 $18 {[%emt 0:01:05] White has a decisive advantage.} Rxa5 36. Rf2 (36. Qxh4 Rxa2+ 37. Rf2 Ra1 $18) 36... Qe1 37. Qd2 ({Don't take} 37. Qxh4 $6 Ka7 $18) 37... Ra3 38. Qxe1 ({Inferior is} 38. Rxb7+ Kxb7 39. Qb2+ Kc8 40. Qxa3 h3+ 41. Kxh3 Qxf2 42. Qa8+ Kd7 43. Qb7+ Kd8 44. Qb8+ Kd7 45. Qd6+ Ke8 46. Qb8+ Kd7 47. Qd6+ Ke8 48. Qb8+ Kd7 $11) 38... Rxe1 39. Rfb2 {[%emt 0:02:07] Weighted Error Value: White=0.09 (flawless) /Black=0.22 (precise)} 1-0

[Event "55th Biel Festival GMT Classical 2022"]
[Site "Biel"]
[Date "2022.07.21"]
[Round "6.4"]
[White "Keymer, Vincent"]
[Black "Salem, A.R. Saleh"]
[Result "1/2-1/2"]
[ECO "D36"]
[WhiteElo "2686"]
[BlackElo "2684"]
[Annotator "TA"]
[PlyCount "130"]
[EventDate "2022.07.14"]
[EventType "tourn"]
[EventCountry "SUI"]
[SourceTitle "playchess.com"]
[Source "ChessBase"]
[SourceQuality "1"]
[TimeControl "40/6000+30:20/3000+30:900+30"]

1. d4 Nf6 2. c4 e6 3. Nf3 d5 4. Nc3 Nbd7 5. cxd5 exd5 6. Qc2 c6 7. Bg5 h6 8. Bh4 Be7 9. e3 O-O 10. Bd3 Re8 11. Nd2 {[%emt 0:00:13] D36: Queen's Gambit Declined: Exchange Variation: Main line (5 Bg5 c6 6 Qc2).} Nf8 12. h3 Bd6 13. Ne2 {[%emt 0:01:26] [#] White has an edge.} Bd7 $146 ({Predecessor:} 13... g5 14. Bg3 Ne6 15. Bxd6 Qxd6 16. Nb3 b6 17. Rc1 Bd7 18. Bf5 Rac8 19. O-O Nf8 {1-0 (34) De Wolf,K-Minaux,G Vlissingen 1996}) 14. O-O Ne6 15. Nf3 Nf8 16. Rae1 Rc8 17. Nc3 Be6 18. Ne5 c5 (18... Be7 $14) 19. Bb5 $16 Re7 20. Bxf6 {[%emt 0:13:15] White is much more active.} (20. f4 $1 $16) 20... gxf6 $14 21. Nf3 c4 $1 {[%emt 0:08:38] Inhibits Bd3.} 22. e4 Bb4 23. Ba4 dxe4 24. Nxe4 Kg7 25. Re3 Ng6 26. Qc1 ({White should try} 26. Ng3 $1 $16 ) 26... Qd5 {[%emt 0:07:46] [#]} ({Black should play} 26... Bd6 $14) 27. Bc2 (27. Ng3 $1 $16) 27... f5 {[%emt 0:02:52] [#]} (27... Bd6 $14) 28. Ng3 $1 $16 (28. Nc3 Qd6 $16) 28... f4 {[%emt 0:04:11] [#]} 29. Re5 $1 Nxe5 30. Nh5+ Kf8 31. dxe5 Bd2 32. Qxd2 Qxd2 33. Nxd2 {[%emt 0:00:04] Pair of Knights!} c3 34. bxc3 Rxc3 35. Bb1 Ra3 36. Rc1 Bxa2 37. Bxa2 (37. Nxf4 $6 Rxe5 38. Be4 b6 $14) 37... Rxa2 38. Nf3 Ra6 39. Rc8+ Re8 40. Rc7 Re7 41. Rc8+ Re8 42. Rc7 Re7 $1 43. Rc4 b5 44. Rd4 (44. Rxf4 $142 {And now Nf6 would win.} Ra4 45. Rf6) 44... Rb7 45. Nh4 ({Don't play} 45. Nxf4 $6 b4 $11) (45. Nf6 $16 {Rd8+ would kill now.} Ke7 46. Rd3 (46. Rxf4 b4 $14)) 45... b4 $1 $11 {[%emt 0:15:19] aiming for ...b3.} 46. Nf6 {[%emt 0:03:43] White wants to mate with Rd8+.} ({Wrong is} 46. Rxf4 $2 b3 47. Kh2 b2 $19) 46... Ke7 {[%emt 0:01:40] Inhibits Rd8. Strongly threatening ...b3.} 47. Nd5+ (47. Rxf4 $2 b3 48. Nd5+ Ke8 $19) 47... Ke6 48. Nxf4+ Kxe5 49. Nf3+ Kf6 50. Nd5+ Kg7 {[%emt 0:01:26] ...b3 is the strong threat.} 51. Nxb4 Ra4 52. Nc6 Rxd4 53. Nfxd4 ({But not} 53. Ncxd4 Rb1+ 54. Kh2 a5 $15) 53... a6 54. g3 (54. Kf1 $16) 54... Rd7 55. Kf1 a5 56. Nf5+ Kh7 {[%emt 0:01:58] The position is equal.} 57. Nxa5 {[%emt 0:00:06] Threatens to win with Nc6.} Rd5 58. Nxh6 Kxh6 {[%emt 0:00:04][%mdl 4096] Endgame KR-KN} 59. Nc4 f5 60. Ne3 Rb5 61. Kg2 Kg6 62. Nc2 Kf6 (62... Rb2 $5 63. Ne3 Kf6 $11) 63. g4 fxg4 64. hxg4 Rb3 65. Ne3 Ke5 {[%emt 0:00:44] Weighted Error Value: White=0.17 (very precise) /Black=0.09 (flawless)} 1/2-1/2

[Event "55th Biel Festival GMT Classical 2022"]
[Site "Biel"]
[Date "2022.07.22"]
[Round "7.1"]
[White "Salem, A.R. Saleh"]
[Black "Gukesh D"]
[Result "1-0"]
[ECO "E16"]
[WhiteElo "2684"]
[BlackElo "2684"]
[Annotator "TA"]
[PlyCount "113"]
[EventDate "2022.07.14"]
[EventType "tourn"]
[EventCountry "SUI"]
[SourceTitle "playchess.com"]
[Source "ChessBase"]
[SourceQuality "1"]
[TimeControl "40/6000+30:20/3000+30:900+30"]

1. d4 Nf6 2. c4 e6 3. g3 d5 4. Bg2 Bb4+ 5. Nd2 O-O 6. Ngf3 b6 7. O-O Bb7 8. cxd5 exd5 (8... Qxd5 $2 9. Ne1 $18) 9. Nb1 $5 {[%emt 0:00:06][%mdl 4] An interesting side line. E16: Queen's Indian: 4 g3 Bb7 5 Bg2 Bb4+.} Nbd7 10. Qb3 Bd6 11. Nc3 {[%emt 0:00:07] The position is equal.} Re8 {[%emt 0:06:21] [#]} 12. Bg5 $146 ({Predecessor:} 12. Bf4 Bxf4 13. gxf4 c5 14. e3 cxd4 15. Nxd4 Nc5 16. Qc2 Nfe4 17. Rad1 Rc8 18. Rfe1 {1-0 (98) Sarana,A (2654)-Nihal,S (2620) Chess.com INT 2020}) 12... h6 13. Bf4 Bxf4 14. gxf4 Ne4 15. e3 c5 16. Rfd1 (16. Nxd5 cxd4 17. exd4 (17. Nxd4 $2 Ndc5 $19) 17... Ndc5 $1 18. dxc5 Nxc5 $17) 16... c4 17. Qc2 Rc8 18. Bh3 (18. Ne5 $14) 18... Rc7 19. Kh1 Ndf6 20. Ne5 Bc8 21. Bxc8 Qxc8 22. Rg1 (22. f3 $11 Nxc3 23. bxc3) 22... Nd6 ({Black should play} 22... Nxc3 $15 23. bxc3 Ne4) 23. Rg2 Qf5 24. Qa4 Kh7 25. Rag1 g6 26. f3 Ree7 27. a3 a5 28. Qd1 b5 29. Qe1 b4 30. axb4 axb4 31. Na2 b3 32. Nc3 Qh3 $2 (32... Kg7 $11) 33. e4 $1 $36 {[%emt 0:04:49][%mdl 2048] Black is under strong pressure.} Re8 (33... dxe4 {was worth a try.} 34. fxe4 Rb7) 34. Rg3 Qh4 (34... Qc8 $142) 35. f5 $1 dxe4 36. fxg6+ fxg6 37. Rxg6 {[%emt 0:05:27] Dancing on a razor blade.} Qxe1 38. Rxe1 Rf8 39. fxe4 Rg7 40. Rxg7+ Kxg7 41. Rg1+ Kh7 42. Rf1 {[%emt 0:00:05] And now Nc6 would win.} Kg7 43. Kg2 h5 (43... Nfxe4 $142 44. Rxf8 Kxf8 45. Nxe4 Nxe4) 44. Rf2 Ra8 (44... h4 $142 45. Kh3 (45. Rf4 Ra8 $16) 45... Ra8 46. Rg2+ Kf8) 45. Kf3 $1 Ra1 46. Rg2+ Kh7 47. Kf4 {[%emt 0:11:32] Nf3 is the strong threat.} Rc1 {[%emt 0:02:35] [#]} 48. Nf3 $1 Rc2 {[%emt 0:03:56] [#]} 49. Rg1 Kh6 $2 (49... Nde8 50. e5 Nd7) 50. e5 Rxc3 51. exd6 {[%emt 0:00:03][%mdl 4096] Endgame KRN-KRN} ({Stronger than} 51. bxc3 Nd5+ 52. Kg3 Ne4+ 53. Kh4 Ndxc3 $19) 51... Rd3 52. Rc1 Nd5+ 53. Ke4 Nf6+ 54. Kf4 Nd5+ $1 55. Ke5 {[%emt 0:00:04] White is clearly winning.} Nb6 56. Ke4 Kg7 57. d7 {[%emt 0:00:57] Weighted Error Value: White=0.21 (precise) /Black=0.33} 1-0

[Event "55th Biel Festival GMT Classical 2022"]
[Site "Biel"]
[Date "2022.07.22"]
[Round "7.2"]
[White "Naiditsch, Arkadij"]
[Black "Keymer, Vincent"]
[Result "1-0"]
[ECO "B92"]
[WhiteElo "2664"]
[BlackElo "2686"]
[Annotator "TA"]
[PlyCount "82"]
[EventDate "2022.07.14"]
[EventType "tourn"]
[EventCountry "SUI"]
[SourceTitle "playchess.com"]
[Source "ChessBase"]
[SourceQuality "1"]
[TimeControl "40/6000+30:20/3000+30:900+30"]

1. e4 c5 2. Nf3 d6 3. d4 cxd4 4. Nxd4 Nf6 5. Nc3 a6 6. Be3 e5 7. Nb3 Be6 8. Be2 Be7 9. O-O O-O 10. Qd2 Nbd7 11. a4 Nb6 12. a5 Nc4 13. Bxc4 Bxc4 14. Rfd1 h6 15. f3 {[%emt 0:01:00] B92: Sicilian Najdorf: 6 Be2.} Rc8 16. Nc1 Be6 17. N1e2 {[%emt 0:08:45] White has an edge.} (17. Bb6 $5 Qe8 18. Be3 $11) 17... Qc7 {[%emt 0:05:06][%cal Od6d5] [#]} 18. Ng3 $146 ({Predecessor:} 18. Bb6 Qc4 19. Kh1 Nd7 20. Bg1 Qc6 {½-½ (20) Ness,H (2473)-Roubaud,D (2572) ICCF email 2011}) 18... Rfe8 (18... d5 $11 19. exd5 Rfd8) 19. h3 (19. Nf1 $14) 19... Qc6 (19... d5 $5 20. exd5 Red8 $15) 20. Kh2 Kh7 21. Rac1 Qc4 22. Nge2 Rcd8 23. b3 Qc8 24. Nd5 Nxd5 25. exd5 Bf5 26. c4 Bg6 27. b4 Qd7 28. c5 Rc8 {[%emt 0:00:04] Inhibits c6.} 29. Kh1 Red8 30. Qa2 f5 (30... e4 $5 31. f4 f5 $15) 31. Nc3 dxc5 32. d6 $1 Bg5 (32... Bxd6 $2 33. bxc5 Rc6 34. cxd6 $18) 33. Bxg5 hxg5 34. Na4 cxb4 $2 {[%emt 0:00:53][%mdl 8192] [#]} (34... Bf7 $1 $11 35. Qa1 cxb4) 35. Nc5 $1 $18 Qb5 {[%emt 0:02:28] [#]} (35... Qf7 $142 36. Ne6 Rxc1 37. Rxc1 Kh6) 36. Ne6 $1 Rxc1 37. Rxc1 b3 $2 (37... Rxd6 $2 38. Nf8+ Kh8 39. Nxg6+ Kh7 40. Nf8+ Kh8 41. Qf7 $18) (37... Re8 38. Nc7 Qd3) 38. Qd2 {[%emt 0:02:59] White is clearly winning.} f4 {[%emt 0:03:55][%cal Ob3b2] aiming for ...b2!} 39. Nxd8 b2 {[%emt 0:00:01] [#]} 40. Ne6 $1 Bf5 (40... Kh6 41. Rd1) 41. d7 {[%emt 0:52:55] Black must now prevent Nf8+.} ({Weaker is} 41. Nxg5+ Kg6 42. Rg1 b1=Q 43. Rxb1 Qxb1+ 44. Kh2 Kxg5 $11) 41... Qxa5 {[%emt 0:12:23] Weighted Error Value: White=0.10 (very precise) /Black=0.50} 1-0

[Event "55th Biel Festival GMT Classical 2022"]
[Site "Biel"]
[Date "2022.07.22"]
[Round "7.4"]
[White "Kamsky, Gata"]
[Black "Abdusattorov, Nodirbek"]
[Result "1-0"]
[ECO "B38"]
[WhiteElo "2655"]
[BlackElo "2688"]
[Annotator "TA"]
[PlyCount "79"]
[EventDate "2022.07.14"]
[EventType "tourn"]
[EventCountry "SUI"]
[SourceTitle "playchess.com"]
[Source "ChessBase"]
[SourceQuality "1"]
[TimeControl "40/6000+30:20/3000+30:900+30"]

1. e4 c5 2. Nf3 Nc6 3. d4 cxd4 4. Nxd4 g6 5. c4 Bg7 6. Be3 Qb6 {[%emt 0:00:10][%cal Rc6d4] is now more promising than 6...Nf6.} 7. Nb5 {[%emt 0:00:21] B38: Sicilian: Maroczy Bind with 5...Bg7 and 7...0-0.} (7. Nb3 $5 Qc7 8. Qd2 $14 (8. Nc3 Bxc3+ 9. bxc3 Nf6 $11)) 7... Qa5+ 8. N5c3 (8. N1c3 Nf6 9. f3 O-O 10. Qd2 a6 11. Nd4 d6 12. Be2 Nxd4 13. Bxd4 Be6 14. O-O Rfc8 15. b3 b5 16. cxb5 axb5 17. Rfd1 Bd7 18. Rac1 b4 19. Na4 Bxa4 20. bxa4 Qxa4 21. Bc4 Bh6 22. Bxf7+ Kg7 23. Bxf6+ exf6 24. f4 Qa7+ {0-1 (24) Kamsky,G (2661)-Abdusattorov,N (2661) Chess.com INT 2022}) 8... Qb4 9. Qd2 {[%emt 0:19:50] White is slightly better.} d6 10. Be2 Nf6 11. f3 Be6 12. O-O O-O (12... Bxc4 $2 13. a3 Qa5 14. Bxc4 $18) 13. a3 Qa5 14. Ra2 Rfc8 {[%emt 0:14:29] [#]} 15. b3 $146 ({Predecessor:} 15. b4 Qd8 16. Nd5 Ne5 17. Rc2 Nfd7 18. f4 Ng4 19. Bxg4 Bxg4 20. f5 gxf5 21. exf5 {1-0 (37) Murphy,C (2336)-Young,D (1962) Hull 2018}) 15... Qd8 16. Rc1 Nd7 17. Qd1 a6 18. Nd5 Na5 19. b4 Nc6 20. Nbc3 Nce5 21. Na4 Rab8 22. c5 dxc5 23. bxc5 Qf8 24. Rd2 {[%emt 0:00:13] White is much more active.} Rd8 (24... Nf6 $16 {might work better.} 25. Rb1 Qe8) 25. f4 Nc6 26. Bf3 Na5 27. Rd3 Nf6 (27... Kh8 $142) 28. Nab6 Nd7 (28... Kh8 $16 {is a better defense.} 29. Rd2 Nd7) 29. e5 $18 Bh6 30. Qe1 Bf5 {[%emt 0:00:44] [#]} 31. Rdd1 Nc6 32. Nc7 Ncxe5 33. fxe5 Nxe5 34. Bxh6 Nxf3+ 35. gxf3 Qxh6 36. Ncd5 ({Resist} 36. Qxe7 Rd2 37. h4 Qf4 38. Rxd2 Qxd2 $18) 36... Be6 (36... Qg5+ $142 37. Qg3 Qxg3+ 38. hxg3 Kg7 39. Nxe7 Rxd1+ 40. Rxd1 Be6) 37. Qe5 Qf8 38. Re1 {[%emt 0:02:04] White is clearly winning.} h5 39. Nf4 Kh7 40. Nxe6 {[%emt 0:00:19] Weighted Error Value: White=0.05 (flawless) /Black=0.24 (precise)} 1-0